 Dungeon Crawl Stone Soup version 0.27-a0-46-g34d46f0a3f (webtiles) character file.

Game seed: 14240702097816723874

51566 dickylongcocking the Eclecticist (level 14, -1/82 HPs)
             Began as a Felid Venom Mage on Jan 7, 2021.
             Was a High Priest of Ashenzari.
             Killed by divine providence
             ... invoked by a meliai
              (9 damage)
             ... on level 14 of the Dungeon.
             The game lasted 00:55:08 (40440 turns).

dickylongcocking the Eclecticist (FeVM)            Turns: 40440, Time: 00:55:09

Health: -1/82      AC: 31    Str:  4    XL:     14   Next: 23%
Magic:  0/35       EV:  4    Int: 24    God:    Ashenzari [*****.]
Gold:   1711       SH:  0    Dex: 16    Spells: 2/46 levels left
                                        Lives:  0   Deaths: 3

rFire    . . .     SeeInvis +     - Unarmed
rCold    + + .     Faith    .   (shield unavailable)
rNeg     + + +     Spirit   +   (armour unavailable)
rPois    +         Reflect  .   (helmet unavailable)
rElec    .         Harm     .   (cloak unavailable)
rCorr    .         Rampage  .   (gloves unavailable)
Will     ++...     Clarity  +   (boots unavailable) Stlth +++.......NoTele +
                                q - amulet of guardian spirit (curse)
HPRegen  0.23/turn              h - ring "Nihofeob" {rPois rC++ Int+2 Stlth-} (curse)
MPRegen  0.24/turn              v - +4 ring of protection (curse)

@: tree-form
A: very small, no armour, no weapons or thrown items, stealth, see invisible
a: Renounce Religion, Curse Item, Scrying, Transfer Knowledge


You were on level 14 of the Dungeon.
You worshipped Ashenzari.
Ashenzari was extremely pleased with you.
You were a tree.
You visited 4 branches of the dungeon, and saw 23 of its levels.
You visited the Abyss 1 time.
You also visited: Trove, Bailey and Ice Cave.

You collected 2788 gold pieces.
You spent 1077 gold pieces at shops.

Inventory:

Jewellery
 a - a +6 ring of strength
 e - an uncursed ring of wizardry
 f - an uncursed amulet of reflection
 g - an uncursed ring of magical power
 h - the cursed ring "Nihofeob" (left branch) {rPois rC++ Int+2 Stlth-}
   (You bought it in a shop on level 2 of the Orcish Mines)

   [ring of attention]

   It affects your intelligence (+2).
   It greatly protects you from cold.
   It protects you from poison.
   It makes you less stealthy.
   It has a curse placed upon it.
 i - an uncursed ring of positive energy
 q - a cursed amulet of guardian spirit (around neck)
 s - an uncursed amulet of regeneration
 v - a cursed +4 ring of protection (right branch)
 y - an uncursed amulet of the acrobat
 A - an uncursed ring of resist corrosion
 D - the ring of Jeunyry {Wiz *Drain rC- Will++ Str+3}
   (You found it in a treasure trove)

   [ring of wizardry]

   It improves your spell success rate.
   It affects your strength (+3).
   It makes you vulnerable to cold.
   It affects your willpower, your defense against some magical effects.
   It causes draining when unequipped.
 E - an uncursed ring of magical power
 F - the cursed ring of Jiupydos {+Fly Will+}
   (You found it in a treasure trove)

   [ring of willpower]

   It affects your willpower, your defense against some magical effects.
   It lets you fly.
   It has a curse placed upon it.
 H - the ring "Gixzola" {Will+ SInv}
   (You found it in an ice cave)

   [ring of see invisible]

   It affects your willpower, your defense against some magical effects.
   It lets you see invisible.
 J - an uncursed ring of ice
 K - an uncursed ring of ice
Wands
 p - a wand of paralysis (9)
 r - a wand of polymorph (11)
 u - a wand of random effects (43)
 x - a wand of digging (4)
Scrolls
 c - 11 scrolls of teleportation
 d - a scroll of fear
 j - 9 scrolls of remove curse
 k - 4 scrolls of identify
 l - 3 scrolls of fog
 m - 2 scrolls of immolation
 n - a scroll of holy word
 t - a scroll of torment
 B - 7 scrolls of magic mapping
 C - a scroll of blinking
 M - a scroll of amnesia
 P - a scroll of vulnerability
Potions
 b - 4 potions of curing
 o - a potion of flight
 z - 2 potions of brilliance
 G - 2 potions of resistance
 I - 4 potions of lignification
 L - a potion of invisibility
 N - a potion of haste
 O - a potion of magic
Miscellaneous
 w - a condenser vane


   Skills:
 * Level 3.3 Fighting
 * Level 7.0 Dodging
 - Level 10.0 Stealth
 * Level 6.7 Unarmed Combat
 - Level 16.6 Spellcasting
 - Level 9.8(13.6) Conjurations
 - Level 1.3(3.8) Summonings
 - Level 3.1(6.6) Necromancy
 * Level 10.2(14.0) Transmutations
 - Level 1.8(4.6) Fire Magic
 - Level 1.3(3.8) Ice Magic
 - Level 2.6(5.9) Air Magic
 * Level 4.0(7.7) Earth Magic
 - Level 7.0(11.0) Poison Magic
 - Level 1.0(3.2) Evocations


You had 2 spell levels left.
You knew the following spells:

 Your Spells              Type           Power        Failure   Level
a - Sting                 Tmut/Pois      100%         0%          1
b - Blade Hands           Tmut           36%          1%          5
c - Blink                 Tloc           N/A          3%          2
d - Olgreb's Toxic Radia  Pois           64%          1%          4
e - Dispel Undead         Necr           51%          1%          4
h - Summon Ice Beast      Ice/Summ       38%          5%          4
i - Ignite Poison         Fire/Tmut/Pois 61%          1%          3
p - Poisonous Vapours     Pois/Air       100%         1%          2
r - Irradiate             Conj/Tmut      36%          1%          5
v - Borgnjor's Vile Clut  Necr/Erth      26%          3%          5
x - Mephitic Cloud        Conj/Pois/Air  62%          1%          3
z - Statue Form           Tmut/Erth      42%          4%          6

Your spell library contained the following spells:

 Spells                   Type           Power        Failure   Level
 Beastly Appendage        Tmut           100%         0%          1
 Magic Dart               Conj           100%         0%          1
 Searing Ray              Conj           100%         0%          2
 Wereblood                Tmut           72%          0%          2
 Freeze                   Ice            100%         1%          1
 Sandblast                Erth           100%         1%          1
 Call Imp                 Summ           38%          1%          2
 Corpse Rot               Necr/Air       N/A          1%          2
 Passwall                 Tmut/Erth      53%          1%          2
 Sublimation of Blood     Necr           25%          1%          2
 Slow                     Hex            22%          3%          2
 Conjure Flame            Conj/Fire      59%          1%          3
 Dazzling Flash           Conj/Hex       100%         1%          3
 Frozen Ramparts          Ice            76%          1%          3
 Ozocubu's Armour         Ice            38%          1%          3
 Spider Form              Tmut/Pois      34%          1%          3
 Static Discharge         Conj/Air       61%          1%          3
 Stone Arrow              Conj/Erth      100%         1%          3
 Animate Dead             Necr           25%          1%          4
 Fulminant Prism          Conj/Hex       26%          1%          4
 Hailstorm                Conj/Ice       58%          1%          4
 Ice Form                 Ice/Tmut       58%          1%          4
 Iskenderun's Mystic Bla  Conj/Tloc      52%          1%          4
 Petrify                  Tmut/Erth      64%          1%          4
 Lightning Bolt           Conj/Air       30%          1%          5
 Hydra Form               Tmut           36%          1%          6
 Lee's Rapid Deconstruct  Erth           27%          3%          5
 Yara's Violent Unravell  Hex/Tmut       26%          3%          5
 Agony                    Necr           51%          4%          5
 Confusing Touch          Hex            22%          6%          3
 Gell's Gravitas          Tloc           11%          6%          3
 Dragon Form              Tmut           36%          8%          7
 Summon Demon             Summ           19%          16%         5
 Cause Fear               Hex            11%          21%         4
 Silence                  Hex/Air        17%          21%         5
 Death Channel            Necr           25%          26%         6
 Metabolic Englaciation   Hex/Ice        15%          30%         5
 Summon Forest            Summ/Tloc      15%          30%         5
 Summon Mana Viper        Hex/Summ       30%          30%         5
 Simulacrum               Ice/Necr       22%          43%         6
 Shadow Creatures         Summ           N/A          63%         6
 Summon Hydra             Summ           19%          99%         7
 Discord                  Hex            11%          100%        8
 Ignition                 Fire           21%          100%        8
 Shatter                  Erth           27%          100%        9
 Tornado                  Air            24%          100%        9
 Excruciating Wounds      Necr           Unusable     N/A         5

Dungeon Overview and Level Annotations

Branches:
Dungeon (14/15)            Temple (0/1) D:7            Lair (6/6) D:10
 Shoals (0/4) Lair:2       Spider (0/4) Lair:2        Slime (0/5) Lair:6
    Orc (2/2) D:11            Elf (1/3) Orc:2        Vaults (0/5) D:13
 Bailey (visited)           IceCv (visited)

Altars:
Ashenzari
Dithmenos
Elyvilon
Gozag
Hepliaklqana
Kikubaaqudgha
Nemelex Xobeh
Qazlal
Trog
Uskayaw
Xom
Yredelemnul
The Shining One

Shops:
D:7 =   D:12 *   Orc:2 =*[((

Annotations:
D:6 Calibrex's ghost, novice DsFi
D:7 McSplat's ghost, novice TrHu


Innate Abilities, Weirdness & Mutations

You cannot wear armour.
You are incapable of wielding weapons or throwing items.
Your paws allow you to move quietly. (Stealth)
((You have sharp claws.))
((You have razor-sharp teeth.))
You have supernaturally acute eyesight. (SInv)
((You cover ground quickly.))
((Your thick and shaggy fur keeps you warm. (AC +3, rC+)))
((Your sharp claws are effective at attacking unaware monsters.))


Message History

The meliai looks even sicker.
The meliai completely misses you. x2
The meliai barely misses you.
The meliai stings you but does no damage.
The meliai completely misses you. The meliai misses you.
The meliai mumbles some strange prayers to its god against you.
Something smites you!
* * * LOW HITPOINT WARNING * * *
Unknown command.
Unknown command.
Unknown command.
Unknown command.
Really quaff the potion of lignification?
You revert to your normal fleshy form.
You turn into a tree.
Your roots penetrate the ground.
The meliai looks even sicker.
You kill the meliai!
Your toxic aura wanes.
The meliai mumbles some strange prayers to its god against you.
Something smites you!
You die...

*
**#................####..
,.........^......#.##..
,,* #...........(...... *
, #......#####.#.##.. ,,*
#..<#.............. #
#...#..##.##.#.##.. **
**#..###y..#..##.##'#.##..
, ,
.....)y..#..##.#....##.. *
, ,###<♣.#.....+....##..
** * **
####.).#..##.#....##.. ,
,,
,.....>.^............... *
**
,,.).....................
* ,
,*#.##....................
*,, , .
...........#.##...##.. ,
.####.......#.##...##.. *,
**, * *
#.......#.##...##.. , ,,
.........#.##...##..


You could see 2 meliai.

Vanquished Creatures
  Frances (D:13)
  A frost giant (IceCv)
  An orc warlord (Orc:2)
  A very ugly thing (D:13)
  Josephine (D:13)
  2 hydras
  2 boulder beetles
  4 catoblepae (Lair:6)
  6 two-headed ogres
  5 death yaks (Lair:6)
  Urug (D:13)
  4 orc high priests (Orc:2)
  Sonja (D:10)
  2 unseen horrors (D:14)
  Pikel (D:5)
  A lindwurm (Lair:4)
  3 wizards (D:13)
  A harpy (shapeshifter) (D:14)
  3 orc knights (Orc:2)
  An ugly thing (D:13)
  3 cyclopes
  4 orc sorcerers
  10 manticores
  4 black mambas
  A merfolk siren (Lair:2)
  Maurice (D:8)
  9 elephants
  A centaur zombie (D:12)
  An ice statue (IceCv)
  8 cane toads
  A torpor snail (Lair:6)
  7 rime drakes
  7 komodo dragons
  A freezing wraith (D:14)
  3 meliai (D:14)
  8 trolls
  2 hornets
  13 polar bears (IceCv)
  7 blink frogs (Lair:5)
  A blink frog (shapeshifter) (D:13)
  Sigmund (D:5)
  3 wraiths
  63 yaks
  A vampire (D:14)
  6 wyverns
  Grum (D:8)
  4 basilisks
  Menkaure (D:4)
  Edmund (D:5)
  8 water moccasins
  3 wargs
  A necrophage (D:8)
  6 sky beasts
  33 orc warriors
  2 black bears
  An eye of draining (D:8)
  An ice beast (D:13)
  28 wolves
  5 phantoms
  14 ogres
  8 centaurs
  18 bullfrogs
  8 gnoll sergeants (Bailey)
  A wyvern skeleton (D:7)
  A water moccasin skeleton (D:4)
  4 killer bees (D:10)
  5 scorpions
  7 wights
  3 howler monkeys (D:12)
  2 bullfrog zombies
  7 hounds
  10 jellies (Lair:6)
  32 orc wizards
  26 orc priests
  4 centaur skeletons
  7 gnoll shamans
  A bullfrog skeleton (D:9)
  Terence (D:3)
  2 iguanas
  11 worker ants
  3 hound zombies
  3 hound skeletons
  A worker ant zombie (D:5)
  Robin (D:3)
  22 gnolls
  A howler monkey skeleton (D:4)
  12 adders
  A shadow imp (D:4)
  A white imp (D:6)
  An ufetubus (D:7)
  5 oozes
  3 adder skeletons
  5 worms
  2 dart slugs
  5 leopard geckos
  110 orcs
  5 bats
  6 giant cockroaches
  13 hobgoblins
  4 jackals
  7 quokkas
  4 ball pythons
  7 frilled lizards
  A giant cockroach zombie (D:6)
  18 goblins
  8 kobolds
  7 rats
731 creatures vanquished.

Vanquished Creatures (collateral kills)
  Rupert (Lair:6)
  Gastronok (Lair:3)
  5 hydras
  A gargoyle (D:13)
  A cane toad (Lair:6)
  A wyvern (Lair:5)
  A wraith (D:13)
  A basilisk (Lair:6)
  4 water moccasins
  A jelly (Lair:6)
17 creatures vanquished.

Vanquished Creatures (others)
  A polar bear (IceCv)
  An ogre (D:4)
  A wolf (IceCv)
  15 fungi
  27 plants
45 creatures vanquished.

Grand Total: 793 creatures vanquished

Notes
Turn   | Place    | Note
-------+----------+-------------------------------------------
     0 | D:1      | dickylongcocking the Felid Venom Mage began the quest for
                  | the Orb.
     0 | D:1      | Reached XP level 1. HP: 7/7 MP: 4/4
   318 | D:1      | Reached XP level 2. HP: 10/11 MP: 0/6
  1586 | D:2      | Reached XP level 3. HP: 6/15 MP: 5/7
  2185 | D:2      | Reached XP level 4. HP: 14/18 MP: 1/8
  2328 | D:2      | Learned a level 2 spell: Poisonous Vapours
  2573 | D:1      | Learned a level 3 spell: Ignite Poison
  2728 | D:2      | Found a hazy altar of Hepliaklqana.
  2728 | D:2      | Found a broken altar of Ashenzari.
  2735 | D:2      | Became a worshipper of Ashenzari the Shackled
  3339 | D:3      | Found a shimmering altar of Xom.
  3340 | D:3      | Noticed Robin
  3423 | D:3      | Reached XP level 5. HP: 15/21 MP: 1/10
  3575 | D:3      | Noticed Terence
  3605 | D:3      | Killed Terence
  3778 | D:3      | Killed Robin
  3779 | D:3      | Reached skill level 3 in Spellcasting
  4106 | D:3      | Found a hide-covered altar of Uskayaw.
  4264 | D:3      | Found a stormy altar of Qazlal.
  4404 | D:4      | Found a basalt altar of Yredelemnul.
  4405 | D:4      | Noticed Menkaure
  4407 | D:4      | Found an ancient bone altar of Kikubaaqudgha.
  4426 | D:4      | Noticed a phantom
  4429 | D:4      | Found a transporter.
  4431 | D:4      | Noticed a sky beast
  4439 | D:4      | Killed a sky beast
  4440 | D:4      | Reached skill level 1 in Unarmed Combat
  4440 | D:4      | Gained mutation: You are covered in thick fur. (AC +2)
                  | [Felid growth]
  4440 | D:4      | Reached XP level 6. HP: 25/25 MP: 3/12
  4444 | D:4      | Learned a level 3 spell: Mephitic Cloud
  4466 | D:4      | Found a transporter.
  4468 | D:4      | Reached skill level 1 in Air Magic
  4595 | D:4      | Reached * piety under Ashenzari
  4948 | D:4      | Reached XP level 7. HP: 27/28 MP: 7/13
  5057 | D:4      | Slain by a phantom
  5058 | D:4      | Reached XP level 6. HP: -2/25 MP: 12/12
  5169 | D:4      | Reached skill level 4 in Spellcasting
  5363 | D:4      | Reached skill level 5 in Poison Magic
  6012 | D:5      | Entered Level 5 of the Dungeon
  6015 | D:5      | Noticed Sigmund
  6020 | D:5      | Killed Sigmund
  6021 | D:5      | Reached XP level 7. HP: 28/28 MP: 4/14
  6101 | D:5      | Found a shadowy altar of Dithmenos.
  6827 | D:5      | Noticed Edmund
  6837 | D:5      | Killed Edmund
  6846 | D:5      | Reached skill level 1 in Fighting
  6957 | D:5      | Noticed Pikel
  6963 | D:5      | Killed Pikel
  6964 | D:5      | Reached skill level 5 in Spellcasting
  6964 | D:5      | Reached skill level 1 in Fire Magic
  6964 | D:5      | Reached XP level 8. HP: 32/32 MP: 6/17
  7186 | D:4      | Learned a level 4 spell: Olgreb's Toxic Radiance
  7746 | D:5      | Found an opulent altar of Gozag.
  8093 | D:6      | Reached skill level 5 in Stealth
  8710 | D:6      | Reached ** piety under Ashenzari
  8953 | D:7      | Reached XP level 9. HP: 34/36 MP: 18/18
  9220 | D:7      | Found a white marble altar of Elyvilon.
  9516 | D:7      | Found a staircase to the Ecumenical Temple.
  9538 | D:7      | Learned a level 5 spell: Blade Hands
  9648 | D:7      | Reached skill level 5 in Transmutations
  9747 | D:7      | Reached skill level 6 in Spellcasting
  9831 | D:7      | Found Qodoho's Jewellery Shop.
  9861 | D:7      | Found a runed translucent gate.
  9862 | D:7      | Found a runed translucent gate.
  9863 | D:7      | Found a runed translucent gate.
  9867 | D:7      | Noticed McSplat's ghost (novice TrHu)
  9867 | D:7      | Noticed Calibrex's ghost (novice DsFi)
 10220 | D:7      | Reached skill level 5 in Dodging
 10603 | D:4      | Killed Menkaure
 10616 | D:4      | Reached skill level 5 in Unarmed Combat
 10627 | D:4      | Identified Sif Muna's Guide on Supportive Changing
 11261 | D:8      | Found a bloodstained altar of Trog.
 11626 | D:8      | Noticed a two-headed ogre
 11645 | D:8      | Killed a two-headed ogre
 11646 | D:8      | Reached skill level 7 in Spellcasting
 11646 | D:8      | Reached XP level 10. HP: 40/40 MP: 10/21
 11814 | D:8      | Found a shimmering altar of Xom.
 11920 | D:8      | Noticed Maurice
 11926 | D:8      | Killed Maurice
 12093 | D:8      | Reached *** piety under Ashenzari
 12099 | D:8      | Noticed Grum
 12104 | D:8      | Killed Grum
 12105 | D:8      | Reached skill level 8 in Spellcasting
 12777 | D:8      | Found a glowing golden altar of the Shining One.
 13395 | D:9      | Reached skill level 9 in Spellcasting
 13402 | D:9      | Learned a level 5 spell: Irradiate
 13508 | D:9      | Found a sparkling altar of Nemelex Xobeh.
 14196 | D:9      | Learned a level 5 spell: Borgnjor's Vile Clutch
 14480 | D:10     | Entered Level 10 of the Dungeon
 14489 | D:10     | Reached skill level 1 in Earth Magic
 14592 | D:10     | Reached skill level 10 in Spellcasting
 14592 | D:10     | Reached XP level 11. HP: 43/43 MP: 17/26
 14667 | D:10     | Found a staircase to the Lair.
 14899 | D:10     | Reached **** piety under Ashenzari
 15029 | D:10     | Noticed Sonja
 15032 | D:10     | Killed Sonja
 15033 | D:10     | Reached skill level 1 in Necromancy
 15715 | D:11     | Noticed a boulder beetle
 15715 | D:11     | Noticed a four-headed hydra
 15719 | D:11     | Killed a boulder beetle
 16255 | D:11     | Found a staircase to the Orcish Mines.
 16726 | D:11     | Reached skill level 11 in Spellcasting
 17918 | D:12     | HP: 2/43 [manticore/volley of spikes (13)]
 18515 | D:12     | Noticed a four-headed hydra
 18544 | D:12     | Killed a four-headed hydra
 18545 | D:12     | Reached skill level 12 in Spellcasting
 18867 | D:12     | Reached skill level 1 in Evocations
 18903 | D:12     | Found Cawoere's Assorted Antiques.
 18913 | D:12     | Bought a potion of heal wounds for 140 gold pieces
 18913 | D:12     | Bought a paperback book for 420 gold pieces
 18996 | D:12     | Learned a level 3 spell: Frozen Ramparts
 19343 | D:12     | Found a portal to a secret trove of treasure.
 19360 | Trove    | Entered a treasure trove
 19403 | Trove    | Identified the ring of Jeunyry {Wiz *Drain rC- Will++
                  | Str+3}
 19404 | Trove    | Identified the cursed ring of Jiupydos {+Fly Will+}
 19687 | D:12     | Noticed a two-headed ogre
 19692 | D:12     | Killed a two-headed ogre
 19693 | D:12     | Gained mutation: Your thick and shaggy fur keeps you warm.
                  | (AC +3, rC+) [Felid growth]
 19693 | D:12     | Reached XP level 12. HP: 46/48 MP: 13/29
 19818 | Orc:1    | Entered Level 1 of the Orcish Mines
 19963 | D:11     | Learned a level 3 spell: Ozocubu's Armour
 19973 | Orc:1    | Reached skill level 1 in Ice Magic
 20439 | Orc:2    | Entered Level 2 of the Orcish Mines
 20989 | Orc:2    | Found a staircase to the Elven Halls.
 22140 | Orc:2    | Noticed an orc high priest
 22142 | Orc:2    | Noticed an orc high priest
 22145 | Orc:2    | Killed an orc high priest
 22146 | Orc:2    | Reached skill level 10 in Stealth
 22147 | Orc:2    | Killed an orc high priest
 22148 | Orc:2    | Reached skill level 13 in Spellcasting
 22520 | Orc:2    | Noticed an orc warlord
 22529 | Orc:2    | Killed an orc warlord
 22589 | Orc:2    | Found Sytziy's Antique Weapon Shoppe.
 23133 | Orc:2    | Reached skill level 14 in Spellcasting
 23133 | Orc:2    | Reached XP level 13. HP: 51/51 MP: 25/32
 23871 | Orc:2    | Found Leiheu's General Store.
 23872 | Orc:2    | Found Sihyn's Jewellery Boutique.
 23873 | Orc:2    | Found Kujungy's Antique Armour Boutique.
 23873 | Orc:2    | Found Veib Isu's Antique Weapon Shop.
 23888 | Orc:2    | Bought the ring "Nihofeob" {rPois rC++ Int+2 Stlth-} for
                  | 484 gold pieces
 23892 | Orc:2    | Bought a scroll of remove curse for 33 gold pieces
 23964 | Elf:1    | Entered Level 1 of the Elven Halls
 24037 | D:11     | Learned a level 4 spell: Summon Ice Beast
 24055 | D:11     | Reached skill level 1 in Summonings
 24207 | Lair:1   | Entered Level 1 of the Lair of Beasts
 25721 | Lair:2   | Found a staircase to the Shoals.
 25868 | Lair:2   | Reached skill level 15 in Spellcasting
 26380 | Lair:2   | Found a hole to the Spider Nest.
 26385 | Lair:2   | Reached skill level 1 in Conjurations
 27527 | Lair:3   | Noticed Gastronok
 27538 | Lair:3   | Killed Gastronok
 28469 | Lair:4   | Reached skill level 5 in Conjurations
 29550 | Lair:5   | Found a frozen archway.
 29559 | IceCv    | Entered an ice cave
 29803 | IceCv    | Identified the ring "Gixzola" {Will+ SInv}
 30051 | IceCv    | Reached XP level 14. HP: 49/54 MP: 17/34
 30994 | IceCv    | Noticed a frost giant
 31006 | IceCv    | Killed a frost giant
 31041 | IceCv    | Slain by a polar bear
 31042 | IceCv    | Reached XP level 13. HP: 0/51 MP: 0/33
 31573 | Lair:5   | Slain by a black mamba
 31574 | Lair:5   | Reached XP level 12. HP: 0/48 MP: 0/32
 32088 | Lair:5   | Noticed a seven-headed hydra
 32198 | Lair:5   | Killed a seven-headed hydra
 32500 | Lair:5   | Reached ***** piety under Ashenzari
 32817 | Lair:5   | Noticed a six-headed hydra
 32830 | Lair:5   | Killed a six-headed hydra
 33125 | Lair:6   | Entered Level 6 of the Lair of Beasts
 33341 | Lair:6   | Noticed a death yak
 33353 | Lair:6   | Reached skill level 16 in Spellcasting
 33353 | Lair:6   | Killed a death yak
 33527 | Lair:6   | Noticed a catoblepas
 33535 | Lair:6   | Killed a catoblepas
 33637 | Lair:6   | Noticed a death yak
 33641 | Lair:6   | Noticed a death yak
 33646 | Lair:6   | Killed a death yak
 33647 | Lair:6   | Reached XP level 13. HP: 42/51 MP: 16/34
 33814 | Lair:6   | Noticed Rupert
 33924 | Lair:6   | Killed Rupert
 34128 | Lair:6   | Learned a level 2 spell: Blink
 35188 | Lair:6   | Found a staircase to the Slime Pits.
 36312 | D:13     | Found a flagged portal.
 36322 | Bailey   | Entered a bailey
 37237 | D:13     | Noticed Frances
 37262 | D:13     | Killed Frances
 37584 | D:13     | Cast into level 3 of the Abyss (a wizard)
 37584 | Abyss:3  | Found a corrupted altar of Lugonu.
 37589 | Abyss:3  | Noticed a tentacled starspawn
 37659 | Abyss:3  | Found a corrupted altar of Lugonu.
 37675 | Abyss:3  | Noticed a tentacled starspawn
 37677 | Abyss:3  | Noticed a red very ugly thing
 37679 | Abyss:3  | Noticed a starcursed mass
 37682 | D:13     | Escaped the Abyss
 37744 | D:13     | Killed a red very ugly thing
 38284 | D:13     | Noticed Urug
 38293 | D:13     | Killed Urug
 38700 | D:13     | Found a gate to the Vaults.
 39073 | D:13     | Reached XP level 14. HP: 45/54 MP: 21/35
 39590 | D:13     | Learned a level 4 spell: Dispel Undead
 39593 | D:13     | Noticed Josephine
 39604 | D:13     | Killed Josephine
 39605 | D:13     | Reached skill level 10 in Transmutations
 40021 | D:13     | Learned a level 6 spell: Statue Form
 40277 | D:14     | Found an opulent altar of Gozag.
 40440 | D:14     | Killed from afar by a meliai

Illustrated notes

Levels and vault maps discovered:
D:1:      dpeg_arrival_rooms_with_view, layout_loops_corners
D:2:      layout_rooms, gammafunk_temple_overflow_elements,
          minmay_shallow_snake_nest
D:3:      layout_basic, overflow_temple_1_default, general_overflow_altar,
          amcnicky_altar_gilded, uniq_robin, uniq_terence
D:4:      layout_cave_pods, gammafunk_temple_of_torment,
          minmay_fractal_squares_5
D:5:      layout_loops_ring, grunt_gozag_breadcrumbs,
          nicolae_dithmenos_shadow_blocks, uniq_sigmund, uniq_edmund, uniq_pikel
D:6:      layout_basic
D:7:      layout_cave_pods, lemuel_doored_altar, nicolae_overflow_hidden_temple,
          temple_statues, gammafunk_ghost_cemetery,
          minmay_shop_enchanted_jewellery, roderic_lattice_a
D:8:      minmay_bloctagon_deflated, layout_basic, kennysheep_mini,
          old_standard_altar, tso_altar, uniq_maurice, uniq_grum
D:9:      layout_basic, nemelex_xobeh_ov_fountains_minmay
D:10:     layout_stronghold, david_lair_shrubbed, minivault_25_ag, uniq_sonja
D:11:     layout_long_grid, hiddenorc2_lemuel
D:12:     layout_irregular_city, serial_shops, nicolae_shop_statue_plus,
          nicolae_trove_entry_isolated
D:13:     layout_layer_cave, david_vaults_1, enter_bailey_6, minmay_librarian,
          uniq_frances, uniq_urug, uniq_josephine
D:14:     layout_basic, basic_altar, kennysheep_nondescript, uniq_snorg
Lair:1:   layout_cave_shapes
Lair:2:   layout_cave_pods, elwin_shoals_entry_rooms,
          nicolae_spider_entry_non_spiders, beast_lair_carwin_5
Lair:3:   layout_cave_pods, grunt_megastairs_3, uniq_gastronok
Lair:4:   layout_gridlike
Lair:5:   layout_long_grid, portal_ice_cave_rime, infiniplex_staircase_pool
Lair:6:   evilmike_catoblepas_cave, layout_cave_shapes,
          minmay_slime_entry_jelly_boxes, minivault_26,
          chequers_serial_rivers_micro_d, uniq_rupert
Orc:1:    layout_caves, serial_shops
Orc:2:    st_orc_congregation, layout_caves, serial_shops, shop, abandoned_shop
Elf:1:    eino_elf_arrival_altar, layout_geoelf_grid, basic_altar, serial_shops,
          shop, minmay_elf_crystal_hexagon

Skill      XL: |  1  2  3  4  5  6  7  8  9 10 11 12 13 14 |
---------------+-------------------------------------------+-----
Poison Magic   | 3 4 5 6 7 |  7.0
Stealth        | 3 4 5 6 7 10 | 10.0
Transmutations | 2 3 4 5 7 9 10 | 10.2
Spellcasting   | 3 4 5 7 10 12 16 15 | 16.6
Dodging        | 3 4 5 6 7 |  7.0
Unarmed Combat | 1 2 3 4 5 6 |  6.7
Air Magic      | 2 |  2.6
Fighting       | 1 2 3 |  3.3
Fire Magic     | 1 |  1.8
Earth Magic    | 1 3 4 |  4.0
Necromancy     | 2 3 |  3.1
Evocations     | 1 |  1.0
Ice Magic      | 1 |  1.3
Summonings     | 1 |  1.3
Conjurations   | 9 6 7 |  9.8

Action                   |  1- 3 |  4- 6 |  7- 9 | 10-12 | 13-15 || total
-------------------------+-------+-------+-------+-------+-------++-------
Melee: Unarmed           |    55 |    73 |   168 |   121 |   119 ||   536
       Bite              |     2 |     7 |    14 |     8 |     6 ||    37
       Punch             |       |       |     3 |     2 |     2 ||     7
 Cast: Sting             |    63 |    58 |    21 |    19 |    31 ||   192
       Poisonous Vapours |       |    32 |    11 |    23 |     3 ||    69
       Ignite Poison     |       |     7 |    22 |   166 |   164 ||   359
       Mephitic Cloud    |       |     3 |     9 |     6 |     8 ||    26
       Olgreb's Toxic Ra |       |       |    10 |   161 |   171 ||   342
       Blade Hands       |       |       |    14 |     1 |     3 ||    18
       Borgnjor's Vile C |       |       |       |    20 |     5 ||    25
       Irradiate         |       |       |       |     6 |    12 ||    18
       Frozen Ramparts   |       |       |       |     2 |    10 ||    12
       Summon Ice Beast  |       |       |       |    14 |    31 ||    45
       Ozocubu's Armour  |       |       |       |     4 |     1 ||     5
       Dispel Undead     |       |       |       |       |     7 ||     7
       Statue Form       |       |       |       |       |     3 ||     3
Invok: Curse Item        |       |       |     2 |     2 |     1 ||     5
       Scrying           |       |       |       |       |     1 ||     1
Evoke: Wand              |       |     4 |     3 |    18 |    13 ||    38
       Condenser vane    |       |       |       |     2 |     3 ||     5
  Use: Potion            |       |     6 |    11 |     9 |    11 ||    37
       Scroll            |       |       |     9 |    14 |     7 ||    30
 Stab: Sleeping          |     7 |     5 |    10 |     3 |     9 ||    34
       Paralysed         |       |       |       |     3 |     1 ||     4
Armor: Skin              |     1 |    13 |    13 |    23 |    53 ||   103
Dodge: Dodged            |    86 |    99 |   170 |   209 |   290 ||   854

Table legend: (Time is in decaauts)
 A = Elapsed time spent in this place.
 B = Non-inter-level travel time spent in this place.
 C = Inter-level travel time spent in this place.
 D = Time resting spent in this place.
 E = Time spent auto-exploring this place.
 F = Levels seen in this place.
 G = Mean time per level.
                   A        B        C        D        E       F      G
               +--------+--------+--------+--------+--------+-----+--------+
         Total |  37129 |  36152 |    977 |  12110 |  19002 |  27 | 1375.1 |
       Dungeon |  21748 |  21028 |    720 |   6010 |  12306 |  14 | 1553.4 |
          Lair |   8880 |   8720 |    160 |   3001 |   4736 |   6 | 1480.0 |
  Orcish Mines |   3791 |   3696 |     95 |   1941 |   1081 |   2 | 1895.5 |
   Elven Halls |      6 |      6 |      0 |      0 |      0 |   1 |    6.0 |
         Abyss |     78 |     78 |      0 |      0 |      0 |   1 |   78.0 |
         Trove |     95 |     95 |      0 |      0 |     52 |   1 |   95.0 |
        Bailey |    729 |    729 |      0 |    435 |    143 |   1 |  729.0 |
      Ice Cave |   1799 |   1799 |      0 |    721 |    682 |   1 | 1799.0 |
               +--------+--------+--------+--------+--------+-----+--------+

Top non-repeatable levels by time:
    D:13: 2839 daAuts
    D:12: 2184 daAuts
   Orc:2: 2103 daAuts
  Lair:5: 2100 daAuts
  Lair:6: 1932 daAuts
    D:11: 1915 daAuts
   IceCv: 1799 daAuts
     D:4: 1793 daAuts
     D:1: 1699 daAuts
   Orc:1: 1687 daAuts
     D:7: 1629 daAuts
  Lair:2: 1488 daAuts
     D:9: 1485 daAuts
     D:8: 1455 daAuts
     D:5: 1390 daAuts
